Dungeon Sprint DCSS version 0.29.1-2-gbd0b4ee654 (webtiles) character file.

Game seed: 16273423112698304986 9300000 raph the Intangible (level 27, -101/198 (228) HPs) Began as a Djinni Warper on Nov 29, 2022. Was the Champion of Makhleb. Annihilated by a large bag of meat ... wielding a +9 giant spiked club (106 damage) ... in the Dungeon (Sprint VIII: "Arena of Blood"). The game lasted 00:04:03 (93 turns). raph the Intangible (Djinni Warper) Turns: 93, Time: 00:04:04 HP: -101/198 (228)AC: 6 Str: 10 XL: 27 Gold: 0 EV: 38 Int: 15 God: Makhleb [******] SH: 0 Dex: 27 rFire + + . SeeInvis . i - +∞ Axe of Woe rCold x . . Faith . (shield currently unavailable) rNeg . . . Spirit . b - +0 leather armour rPois ∞ Reflect . (no helmet) rElec . Harm . (no cloak) rCorr . Rampage . (no gloves) Will ++... NoTele + (boots unavailable) Stlth ++++++++++ (no amulet) HPRegen 0.43/turn p - +250 ring of slaying MPRegen 0.00/turn o - +250 ring of slaying @: flying, heavily drained A: sickness immunity, fire resistance 2, cold vulnerability 1, float, innate caster, HP casting, extra vitality 1 a: Renounce Religion, Minor Destruction, Lesser Servant of Makhleb, Major Destruction, Greater Servant of Makhleb You were in the Dungeon. You worshipped Makhleb. Makhleb was exalted by your worship. You visited 1 branch

Inventory:

Hand Weapons
 a - a +0 hand axe
 i - the +∞ Axe of Woe (weapon)
   (You found it in the Dungeon)
Missiles
 d - 6 boomerangs of dispersal (quivered)
Armour
 b - a +0 leather armour (worn)
Jewellery
 j - a +30 ring of slaying
 k - a +30 ring of slaying
 l - a +30 ring of slaying
 m - a +30 ring of slaying
 n - a +30 ring of slaying
 o - a +250 ring of slaying (right hand)
 p - a +250 ring of slaying (left hand)
Scrolls
 c - 2 scrolls of blinking
Potions
 e - a potion of curing
 f - a potion of heal wounds
 g - a potion of haste
 h - a potion of berserk rage


   Skills:
 O Level 27 Fighting
 O Level 27 Short Blades
 O Level 27 Long Blades
 O Level 27 Axes
 O Level 27 Maces & Flails
 O Level 27 Polearms
 O Level 27 Staves
 O Level 27 Ranged Weapons
 O Level 27 Throwing
 O Level 27 Armour
 O Level 27 Dodging
 O Level 27 Stealth
 O Level 27 Shields
 O Level 27 Unarmed Combat
 O Level 27 Spellcasting
 O Level 27 Invocations
 O Level 27 Evocations


You couldn't memorise any spells.
You knew the following spells:

 Your Spells              Type           Power      Damage    Failure   Level
a - Blink                 Tloc           100%       N/A       0%          2
b - Lesser Beckoning      Tloc           79%        N/A       0%          3
c - Gell's Gravitas       Tloc           79%        N/A       0%          3
d - Teleport Other        Tloc           79%        N/A       0%          3
e - Manifold Assault      Tloc           79%        N/A       0%          5
f - Foxfire               Conj/Fire      100%       2x1d9     0%          1
g - Wereblood             Tmut           79%        N/A       0%          2
h - Static Discharge      Conj/Air       79%        3-13/arc  0%          2
i - Passage of Golubria   Tloc           79%        N/A       0%          4
j - Corpse Rot            Necr/Pois/Air  79%        N/A       0%          4
k - Metabolic Englaciati  Hex/Ice        39%        N/A       0%          5
l - Dispersal             Tloc           39%        N/A       0%          6
m - Orb of Destruction    Conj           39%        9d11      1%          7
n - Starburst             Conj/Fire      39%        6d11      0%          6
o - Summon Horrible Thin  Summ           39%        N/A       1%          8
p - Lehudib's Crystal Sp  Conj/Erth      39%        10d10     1%          8
q - Death's Door          Necr           39%        N/A       3%          9
r - Shatter               Erth           39%        3d31*     3%          9
Your spell library was empty.

Dungeon Overview and Level Annotations

Branches:
Dungeon (1/1)

Altars:
Makhleb


Innate Abilities, Weirdness & Mutations

You are immune to sickness and miasma.
You are immune to poison.
Your flesh is very heat resistant. (rF++)
You are vulnerable to cold. (rC-)
You float through the air rather than walking.
You learn spells naturally, not from books.
Your magical power is your life essence.
You have superior vitality. (+4 MHP)


Message History

You hear a shout! x5
Casting: Manifold Assault (safe; 0% risk of failure)
Confirm with . or Enter, or press ? or * to list all spells.
Space momentarily warps into an impossible shape!
You slice the large bag of meat!!
Flame seeps out of the large bag of meat.
You fatally mangle the large bag of meat.
Makhleb accepts your kill.
You feel better.
You slice the bag of meat like a ripe choko!!!!!!
You cleave the bag of meat in twain.
You kill the bag of meat!
Makhleb accepts your kill.
You carve the tyrant like a ham!!!!!!
You dissect the tyrant like a pig carcass.
You destroy the tyrant!
Makhleb accepts your kill.
You dice the meat berserker like an onion!!!!!
You chop the meat berserker into pieces.
You kill the meat berserker!
Makhleb accepts your kill.
The large bag of meat explodes!
The fiery explosion engulfs the bag of meat!!!
The fiery explosion engulfs the bag of meat!!
You hear a shout! x4; You hear a roar!
A bolt of negative energy appears from out of thin air!
The bolt of negative energy misses you.
A dread comes into view.
The meat berserker rages.
You hear a shout!
A bolt of negative energy appears from out of thin air!
The bolt of negative energy hits you!!!!
You feel drained.
An accursed comes into view.
A bag of meat comes into view. It is wielding a +9 war axe.
The large bag of meat hits you with a +9 giant spiked club!!!!
* * * LOW HITPOINT WARNING * * *
The large bag of meat hits you with a +9 giant spiked club!!!!
Ouch! That really hurt!
You die...

.......#_)<°_#....
.°.))..#)....#§...
.))))...._..).)..
.)oO)...).....o...
).)ooo.O§.)..o).#.
))M§○o#2....O.o)W
.§.W§§O.{)..V..)..
.)...O...O{o.)...
).)..o.o@)2)O.Oo.
)....o).....o)..#
..............)#.
.).)#§.....)..).
...........).))..
...#..#..........
.. ............. .
.............#
..............


You could see an accursed, 2 meat beasts, a destroyer, 2 large bags of meat, 2
dreads, 6 meat berserkers and 13 bags of meat.

Vanquished Creatures
  5 hell beasts (D)
  2 royal mummies (D)
  3 wraiths (D)
  Harold (D)
  9 vampire knights (D)
  38 ogres (D)
  7 two-headed ogres (D)
  4 liches (D)
  3 phantoms (D)
  36 orcs (D)
  4 skeletal warriors (D)
112 creatures vanquished.

Notes
Turn   | Place    | Note
-------+----------+-------------------------------------------
     0 | D        | Found the +∞ Axe of Woe
     0 | D        | raph the Djinni Warper began the quest for the Orb.
     0 | D        | raph set off with the following spells memorised: Blink,
                  | Lesser Beckoning, Gell's Gravitas, Teleport Other, Manifold
                  | Assault.
     0 | D        | Reached XP level 1. HP: 18/18 MP: 0/0
     2 | D        | Noticed a bag of meat
     4 | D        | Became a worshipper of Makhleb the Destroyer
     7 | D        | Noticed a bag of meat
     7 | D        | Noticed a meat berserker
    10 | D        | Noticed a bag of meat
    10 | D        | Noticed a bag of meat
    12 | D        | Noticed a bag of meat
    13 | D        | Killed a meat berserker
    13 | D        | Noticed a meat berserker
    14 | D        | Reached skill level 10 in Axes
    14 | D        | Reached skill level 10 in Throwing
    14 | D        | Reached skill level 10 in Spellcasting
    14 | D        | Reached XP level 2. HP: 12/39 MP: 0/0
    14 | D        | Reached XP level 3. HP: 14/44 MP: 0/0
    14 | D        | Learned a level 1 spell: Foxfire
    14 | D        | Reached XP level 4. HP: 16/50 MP: 0/0
    14 | D        | Reached XP level 5. HP: 18/56 MP: 0/0
    14 | D        | Learned a level 2 spell: Wereblood
    14 | D        | Reached XP level 6. HP: 20/62 MP: 0/0
    14 | D        | Reached XP level 7. HP: 21/67 MP: 0/0
    14 | D        | Learned a level 2 spell: Static Discharge
    14 | D        | Reached XP level 8. HP: 23/74 MP: 0/0
    14 | D        | Reached XP level 9. HP: 25/79 MP: 0/0
    14 | D        | Learned a level 4 spell: Passage of Golubria
    14 | D        | Reached XP level 10. HP: 27/85 MP: 0/0
    14 | D        | Reached XP level 11. HP: 29/91 MP: 0/0
    14 | D        | Learned a level 4 spell: Corpse Rot
    14 | D        | Reached XP level 12. HP: 30/96 MP: 0/0
    14 | D        | Killed a bag of meat
    14 | D        | Reached * piety under Makhleb
    14 | D        | Noticed a meat berserker
    15 | D        | Reached skill level 15 in Dodging
    15 | D        | Reached XP level 13. HP: 33/104 MP: 0/0
    15 | D        | Learned a level 5 spell: Metabolic Englaciation
    16 | D        | Killed a bag of meat
    16 | D        | Killed a bag of meat
    16 | D        | Noticed a bag of meat
    17 | D        | Reached skill level 15 in Fighting
    17 | D        | Reached skill level 15 in Armour
    17 | D        | Reached XP level 14. HP: 55/114 MP: 0/0
    17 | D        | Killed a meat berserker
    17 | D        | Reached ** piety under Makhleb
    18 | D        | Killed a meat berserker
    19 | D        | Reached skill level 15 in Axes
    19 | D        | Reached skill level 15 in Throwing
    19 | D        | Reached XP level 15. HP: 28/126 MP: 0/0
    19 | D        | Learned a level 6 spell: Dispersal
    20 | D        | Reached *** piety under Makhleb
    21 | D        | Noticed a large bag of meat
    21 | D        | Killed a large bag of meat
    21 | D        | Noticed a meat berserker
    22 | D        | Reached skill level 15 in Spellcasting
    22 | D        | Reached XP level 16. HP: 45/136 MP: 0/0
    22 | D        | Killed a meat berserker
    22 | D        | Reached **** piety under Makhleb
    23 | D        | Reached XP level 17. HP: 108/145 MP: 0/0
    23 | D        | Learned a level 7 spell: Orb of Destruction
    24 | D        | Noticed a meat berserker
    24 | D        | Noticed a large bag of meat
    24 | D        | Noticed a large bag of meat
    25 | D        | Noticed a destroyer
    27 | D        | Killed a destroyer
    27 | D        | Killed a meat berserker
    27 | D        | Noticed a meat berserker
    28 | D        | Reached XP level 18. HP: 157/157 MP: 0/0
    28 | D        | Noticed a sculptor of flesh
    28 | D        | Killed a sculptor of flesh
    28 | D        | Reached ***** piety under Makhleb
    28 | D        | Killed a large bag of meat
    28 | D        | Killed a meat berserker
    28 | D        | Noticed a meat berserker
    29 | D        | Reached XP level 19. HP: 167/167 MP: 0/0
    29 | D        | Learned a level 6 spell: Starburst
    29 | D        | Killed a meat berserker
    29 | D        | Killed a large bag of meat
    29 | D        | Noticed The Servant
    29 | D        | Noticed a large bag of meat
    29 | D        | Noticed a destroyer
    30 | D        | Reached skill level 27 in Dodging
    30 | D        | Killed a destroyer
    30 | D        | Killed The Servant
    30 | D        | Reached ****** piety under Makhleb
    30 | D        | Killed a large bag of meat
    30 | D        | Noticed a meat berserker
    30 | D        | Noticed a meat berserker
    31 | D        | Reached skill level 27 in Fighting
    31 | D        | Reached skill level 27 in Armour
    31 | D        | Reached XP level 20. HP: 181/181 MP: 0/0
    31 | D        | Noticed a destroyer
    31 | D        | Killed a meat berserker
    31 | D        | Killed a meat berserker
    31 | D        | Killed a destroyer
    32 | D        | Reached skill level 27 in Axes
    32 | D        | Reached skill level 27 in Throwing
    32 | D        | Reached skill level 27 in Spellcasting
    32 | D        | Reached skill level 10 in Stealth
    32 | D        | Reached XP level 21. HP: 187/187 MP: 0/0
    32 | D        | Learned a level 8 spell: Summon Horrible Things
    32 | D        | Noticed a destroyer
    32 | D        | Noticed a large bag of meat
    33 | D        | Killed a destroyer
    34 | D        | Reached XP level 22. HP: 194/194 MP: 0/0
    34 | D        | Noticed a meat berserker
    35 | D        | Killed a meat berserker
    36 | D        | Noticed a meat berserker
    37 | D        | Killed a meat berserker
    37 | D        | Killed a large bag of meat
    37 | D        | Noticed a destroyer
    38 | D        | Reached skill level 27 in Stealth
    38 | D        | Reached skill level 27 in Invocations
    38 | D        | Reached XP level 23. HP: 201/201 MP: 0/0
    38 | D        | Learned a level 8 spell: Lehudib's Crystal Spear
    38 | D        | Killed a destroyer
    39 | D        | Reached skill level 15 in Unarmed Combat
    40 | D        | Noticed a destroyer
    40 | D        | Killed a destroyer
    41 | D        | Reached XP level 24. HP: 208/208 MP: 0/0
    41 | D        | Noticed a large bag of meat
    42 | D        | Killed a large bag of meat
    43 | D        | Noticed a destroyer
    44 | D        | Killed a destroyer
    45 | D        | Reached skill level 27 in Unarmed Combat
    45 | D        | Reached XP level 25. HP: 214/214 MP: 0/0
    45 | D        | Learned a level 9 spell: Death's Door
    46 | D        | Noticed an accursed
    46 | D        | Killed an accursed
    46 | D        | Noticed a tyrant
    47 | D        | Reached skill level 27 in Maces & Flails
    47 | D        | Reached skill level 27 in Polearms
    47 | D        | Noticed a tyrant
    50 | D        | Noticed a tyrant
    51 | D        | Killed a tyrant
    52 | D        | Reached XP level 26. HP: 192/221 MP: 0/0
    55 | D        | Noticed a tyrant
    55 | D        | Killed a tyrant
    56 | D        | Reached skill level 27 in Staves
    56 | D        | Reached skill level 5 in Short Blades
    56 | D        | Reached skill level 5 in Long Blades
    56 | D        | Reached skill level 5 in Ranged Weapons
    56 | D        | Noticed an accursed
    56 | D        | Killed an accursed
    57 | D        | Reached skill level 10 in Short Blades
    57 | D        | Reached skill level 10 in Long Blades
    57 | D        | Reached skill level 10 in Ranged Weapons
    59 | D        | Reached skill level 15 in Shields
    59 | D        | Reached skill level 15 in Evocations
    59 | D        | Reached XP level 27. HP: 161/228 MP: 0/0
    59 | D        | Learned a level 9 spell: Shatter
    60 | D        | Reached skill level 15 in Ranged Weapons
    62 | D        | Noticed a dread
    62 | D        | Killed a dread
    62 | D        | Noticed a destroyer
    63 | D        | Killed a destroyer
    64 | D        | Noticed a meat beast
    65 | D        | Killed a meat beast
    66 | D        | Noticed a dread
    71 | D        | Noticed a dread
    72 | D        | Killed a dread
    72 | D        | Noticed a destroyer
    73 | D        | Reached skill level 27 in Shields
    73 | D        | Reached skill level 27 in Evocations
    75 | D        | Reached skill level 27 in Short Blades
    75 | D        | Reached skill level 27 in Long Blades
    75 | D        | Reached skill level 27 in Ranged Weapons
    75 | D        | Killed a destroyer
    77 | D        | Killed a tyrant
    78 | D        | Noticed a meat beast
    79 | D        | Killed a meat beast
    81 | D        | Noticed a meat beast
    81 | D        | Noticed a meat beast
    82 | D        | Killed a meat beast
    84 | D        | Noticed a destroyer
    84 | D        | Noticed a meat beast
    85 | D        | Killed a dread
    85 | D        | Noticed a large bag of meat
    87 | D        | Killed a meat beast
    88 | D        | Killed a meat beast
    89 | D        | Noticed a meat beast
    89 | D        | Noticed a large bag of meat
    90 | D        | Noticed a tyrant
    90 | D        | Noticed a meat beast
    91 | D        | Noticed a dread
    92 | D        | Noticed a large bag of meat
    93 | D        | Killed a large bag of meat
    93 | D        | Killed a tyrant
    93 | D        | Noticed a dread
    93 | D        | Noticed an accursed
    93 | D        | HP: 5/198 [large bag of meat/+9 giant spiked club (97)]
    93 | D        | Annihilated by a large bag of meat

Illustrated notes

Levels and vault maps discovered:
D:        meatsprint

Skill      XL: |  1  2  3  4  5  6  7  8  9 10 11 12 13 14 15 16 17 18 19 20 21 22 23 24 25 26 27 |
---------------+----------------------------------------------------------------------------------+-----
Fighting       | 12 13 15 17 19 20 22 24 27 | 27.0
Axes           | 10 11 13 15 16 17 19 21 25 27 | 27.0
Throwing       | 10 11 13 15 16 17 19 21 25 27 | 27.0
Armour         | 12 13 15 17 19 20 22 24 27 | 27.0
Dodging        | 13 15 16 19 21 22 24 26 27 | 27.0
Spellcasting   | 10 11 12 14 15 16 18 19 23 27 | 27.0
Stealth        | 10 18 27 | 27.0
Invocations    | 11 20 27 | 27.0
Maces & Flails | 8 17 24 27 | 27.0
Polearms       | 8 17 24 27 | 27.0
Unarmed Combat | 9 20 27 | 27.0
Staves         | 26 27 | 27.0
Short Blades   | 13 27 | 27.0
Long Blades    | 13 27 | 27.0
Ranged Weapons | 12 27 | 27.0
Shields        | 15 27 | 27.0
Evocations     | 15 27 | 27.0

Action                   |  1- 3 |  4- 6 |  7- 9 | 10-12 | 13-15 | 16-18 | 19-21 | 22-24 | 25-27 || total
-------------------------+-------+-------+-------+-------+-------+-------+-------+-------+-------++-------
Melee: Executioner's axe |     1 |       |       |     1 |     6 |     9 |    14 |    19 |    57 ||   107
Throw: Boomerang         |     1 |       |       |       |       |       |       |       |       ||     1
 Cast: Manifold Assault  |       |       |       |       |     2 |     3 |     4 |     8 |    20 ||    37
       Corpse Rot        |       |       |       |       |       |       |       |     1 |       ||     1
       Shatter           |       |       |       |       |       |       |       |       |     4 ||     4
Dodge: Dodged            |       |       |       |       |       |       |       |       |     9 ||     9
